 Dungeon Crawl Stone Soup version 0.28-a0-1567-g1695149f81 (webtiles) character file.

Game seed: 8062173506564942090

90 Strat the Chucker (level 4, -3/38 HPs)
             Began as a Demigod Hunter on Jan 19, 2022.
             Slain by an iguana (11 damage)
             ... on level 5 of the Dungeon.
             The game lasted 00:03:55 (2742 turns).

Strat the Chucker (Demigod Hunter)                  Turns: 2742, Time: 00:03:56

Health: -3/38      AC:  5    Str: 17    XL:     4   Next: 11%
Magic:  0/6        EV: 11    Int: 13    God:
Gold:   83         SH:  0    Dex: 14    Spells: 3/3 levels left

rFire   . . .      SeeInvis .   a - +1 short sword (speed)
rCold   . . .      Faith    .   (no shield)
rNeg    . . .      Spirit   +   m - +0 ring mail
rPois   .          Reflect  .   (no helmet)
rElec   .          Harm     .   (no cloak)
rCorr   .          Rampage  .   (no gloves)
Will    .....                   (no boots)
Stlth   +.........              i - amulet of guardian spirit
HPRegen 0.12/turn               (no ring)
MPRegen 0.10/turn               (no ring)

@: no status effects
A: high mp 1, forlorn, divine attributes
a: no special abilities


You were on level 5 of the Dungeon.
You visited 1 branch of the dungeon, and saw 5 of its levels.

You collected 83 gold pieces.

Inventory:

Hand Weapons
 a - a +1 short sword of speed (weapon)
Missiles
 c - 6 javelins
 d - 2 throwing nets
 j - 78 stones (quivered)
 o - 39 sling bullets
 r - 4 poisoned darts
Armour
 b - a +0 leather armour
 m - a +0 ring mail (worn)
Jewellery
 i - an amulet of guardian spirit (around neck)
 q - a +6 ring of strength
Scrolls
 e - a scroll of magic mapping
 g - a scroll of amnesia
Potions
 h - a potion of might
 l - 2 potions of heal wounds
 u - a potion of lignification


   Skills:
 + Level 3.2 Fighting
 - Level 3.6 Throwing
 + Level 2.4 Armour
 - Level 1.7 Dodging
 - Level 0.8 Stealth


You had 3 spell levels left.
You didn't know any spells.
Your spell library was empty.

Dungeon Overview and Level Annotations

Branches:
Dungeon (5/15)
 Temple: D:4-7

Shops:
D:1 *


Innate Abilities, Weirdness & Mutations

You have an increased reservoir of magic. (+10% MP)
You shall have no god before yourself.
Your divine heritage dramatically boosts your attributes as you level up.


Message History

The iguana completely misses you.
You hit the iguana but do no damage.
The iguana is heavily wounded.
The iguana misses you.
You closely miss the iguana.
The iguana is heavily wounded.
The iguana bites you!
You barely miss the iguana.
The iguana is heavily wounded.
You barely miss the iguana.
The iguana is heavily wounded.
The iguana bites you!
* * * LOW HITPOINT WARNING * * *
You hit the iguana but do no damage.
The iguana is heavily wounded.
The iguana bites you.
* * * LOW HITPOINT WARNING * * *
You hit the iguana but do no damage.
The iguana is heavily wounded.
The iguana barely misses you.
You hit the iguana.
The iguana is almost dead.
Unknown command.
You hit the iguana but do no damage.
The iguana is almost dead.
The iguana barely misses you.
You hit the iguana but do no damage.
The iguana is almost dead.
The iguana bites you.
* * * LOW HITPOINT WARNING * * *
You completely miss the iguana.
The iguana is almost dead.
The iguana bites you!
* * * LOW HITPOINT WARNING * * *
You hit the iguana.
The iguana is almost dead.
You hit the iguana but do no damage.
The iguana is almost dead.
The iguana bites you!
You die...

#.####.#.# ##
#......... .#
#..###.#.# .####
#..# # #.# ##.....
#..# #.#.###...#.#
#..# #.#.##......=
#..# #............
#..# ###.#..#.≈._.
#@.# #.#..#....)
#l.# #.#..#.##.#
##.)# #.#..#....o
##...#####.#..#.##..
#.#((...l>..†.......
##.#.########.######
##.## #.# ### #.#
#.#


You could see an iguana.

Vanquished Creatures
  4 adders
  A dart slug (D:2)
  3 orcs
  6 endoplasms
  A giant cockroach (D:2)
  2 goblins (D:2)
  7 hobgoblins
  6 kobolds (D:1)
  2 quokkas
  5 ball pythons
  2 bats
  5 frilled lizards
  4 rats
48 creatures vanquished.

Notes
Turn   | Place    | Note
-------+----------+-------------------------------------------
     0 | D:1      | Strat the Demigod Hunter began the quest for the Orb.
     0 | D:1      | Reached XP level 1. HP: 17/17 MP: 3/3
   500 | D:1      | Reached skill level 1 in Armour
   509 | D:1      | Reached XP level 2. HP: 24/24 MP: 4/4
  1000 | D:1      | Found Ujaorpha's Assorted Antiques.
  1440 | D:2      | Reached XP level 3. HP: 27/30 MP: 3/5
  2400 | D:3      | You fall into a shaft and drop 2 floors!
  2400 | D:5      | Entered Level 5 of the Dungeon
  2545 | D:4      | Noticed an ogre
  2608 | D:5      | Reached XP level 4. HP: 26/38 MP: 4/6
  2742 | D:5      | Slain by an iguana

Illustrated notes

Levels and vault maps discovered:
D:1:      dpeg_arrival_lava_temple_mockup, layout_loops_cross,
          shapermc_ecumenical_altar_notcrosses, serial_shops,
          nicolae_shop_overgrown_old_shop, chequers_avenue
D:2:      layout_basic, solitary_fountain
D:3:      layout_loops_corners, gammafunk_temple_overflow_forgotten,
          ebering_ghost_disaster_area, nicolae_figureground_pulse
D:4:      layout_basic, worldfamousw_hep_ancestral_shrine,
          mainiacjoe_overflow_concentric_impassable
D:5:      layout_loops_ring, mainiacjoe_overflow_tiny_flanked

Skill      XL: |  1  2  3 |
---------------+----------+-----
Fighting       | 2 3 |  3.2
Armour         | 1 2 |  2.4
Throwing       | |  3.6
Dodging        | |  1.7
Stealth        | |  0.8

Action                   |  1- 3 |  4- 6 || total
-------------------------+-------+-------++-------
Melee: Short sword       |   155 |    22 ||   177
Throw: Stone             |     3 |     2 ||     5
  Use: Scroll            |    10 |       ||    10
 Stab: Sleeping          |     4 |       ||     4
Armor: Leather armour    |    10 |       ||    10
       Ring mail         |    26 |     2 ||    28
Dodge: Dodged            |    64 |     9 ||    73

Table legend: (Time is in decaauts)
 A = Elapsed time spent in this place.
 B = Non-inter-level travel time spent in this place.
 C = Inter-level travel time spent in this place.
 D = Time resting spent in this place.
 E = Time spent auto-exploring this place.
 F = Levels seen in this place.
 G = Mean time per level.
                   A        B        C        D        E       F      G
               +--------+--------+--------+--------+--------+-----+--------+
         Total |   2708 |   2596 |    112 |    223 |   1874 |   5 |  541.6 |
       Dungeon |   2708 |   2596 |    112 |    223 |   1874 |   5 |  541.6 |
               +--------+--------+--------+--------+--------+-----+--------+

Top non-repeatable levels by time:
     D:1: 1105 daAuts
     D:2: 964 daAuts
     D:5: 329 daAuts
     D:3: 307 daAuts
     D:4: 1 daAuts
